 Dungeon Crawl Stone Soup version 0.27.0-1-g7a089689b8 (webtiles) character file.

Game seed: 16231834960418009252

583369 robertstho the Archmage (level 27, -2/181 HPs)
             Began as a Djinni Fire Elementalist on Aug 9, 2021.
             Was an Initiate of Gozag.
             Killed from afar by a deep elf sorcerer (25 damage)
             ... with a bolt of acid
             ... on level 4 of the Depths on Aug 10, 2021.
             The game lasted 02:48:20 (95991 turns).

robertstho the Archmage (Djinni Fire Elementalist) Turns: 95991, Time: 02:48:21

Health: -2/181     AC:  4    Str:  6    XL:     27
Gold:   12984      EV: 24    Int: 29    God:    Gozag SH: 15 Dex: 12

rFire    + . .     SeeInvis +   K - +0 staff of Battle
rCold    . . .     Faith    .   M - +0 kite shield {AC+3}
rNeg     + + +     Spirit   .   G - +5 robe of Night {Dark Will+ SInv}
rPois    ∞         Reflect  +   e - +3 crown of Dyrovepreva {rElec Int+2 SInv}
rElec    +         Harm     .   W - scarf {repulsion}
rCorr    .         Rampage  .   J - +2 pair of gloves {archery}
Will     +++..                  (boots unavailable)
Stlth    ++++......             B - amulet of reflection
HPRegen  0.40/turn              r - ring of the Hare {EV+8}
MPRegen  0.00/turn              R - ring "Fatip" {Ice rN+++ Str-2 Dex-4 Stlth+}

@: corroded, gold aura, flying, studying Stealth, repel missiles
A: sickness immunity, fire resistance 2, cold vulnerability 1, float, innate
caster, hp casting, extra vitality 1, frail 1
}: 3/15 runes: serpentine, barnacled, silver
a: Renounce Religion, Potion Petition, Call Merchant, Bribe Branch


You were on level 4 of the Depths.
You worshipped Gozag.
Gozag was extremely pleased with you.
You visited 10 branches of the dungeon, and saw 47 of its levels.
You also visited: Trove, Bailey and Ice Cave.

You collected 28821 gold pieces.
You spent 12234 gold pieces at shops.
You paid 3603 gold pieces to Gozag.

Inventory:

Hand Weapons
 K - the +0 staff of Battle (weapon)
   (You acquired it in a bailey)

   It enhances your conjuration magic.
   It summons a battlesphere in combat, with strength depending on Conjurations
   skill.
Armour
 e - the +3 crown of Dyrovepreva (worn) {rElec Int+2 SInv}
   (You found it on level 15 of the Dungeon)

   Int:       It affects your intelligence (+2).
   rElec:     It insulates you from electricity.
   SInv:      It lets you see invisible.
 C - a scarf of resistance
 G - the +5 robe of Night (worn) {Dark Will+ SInv}
   (You bought it in a shop on level 4 of the Snake Pit)

   It shrouds the wearer in darkness, reducing the range at which they can see
   and be seen by others.
   SInv:      It lets you see invisible.
   Will:      It increases your willpower.
 J - a +2 pair of gloves of archery (worn)
 M - a +0 kite shield of protection (worn)
 W - a scarf of repulsion (worn)
Jewellery
 c - the ring of the Mage {Wiz Will++ Int+3}
   (You found it in a treasure trove)

   [ring of wizardry]

   It improves your spell success rate.
   Int:       It affects your intelligence (+3).
   Will:      It greatly increases your willpower.
 j - a ring of protection from cold
 k - the ring of Qufemath {Wiz rPois rCorr Str+2 Dex+2}
   (You acquired it on level 4 of the Shoals)

   [ring of wizardry]

   It improves your spell success rate.
   Str:       It affects your strength (+2).
   Dex:       It affects your dexterity (+2).
   rPois:     It protects you from poison.
   rCorr:     It protects you from acid and corrosion.
 r - the ring of the Hare (left hand) {EV+8}
   (You acquired it on level 10 of the Dungeon)

   [ring of evasion]

   EV:        It affects your evasion (+8).
 w - a ring of protection from fire
 B - an amulet of reflection (around neck)
 L - a +4 ring of protection
 N - the ring of False Pretenses {Wiz rC+ Will+ Str-3 SInv}
   (You found it on level 11 of the Dungeon)

   [ring of wizardry]

   It improves your spell success rate.
   Str:       It affects your strength (-3).
   rC:        It protects you from cold.
   SInv:      It lets you see invisible.
   Will:      It increases your willpower.
 R - the ring "Fatip" (right hand) {Ice rN+++ Str-2 Dex-4 Stlth+}
   (You took it off a deep elf master archer on level 3 of the Elven Halls)

   [ring of ice]

   It enhances your ice magic.
   Str:       It affects your strength (-2).
   Dex:       It affects your dexterity (-4).
   rF:        It makes you vulnerable to fire.
   rC:        It protects you from cold.
   rN:        It renders you almost immune to negative energy.
   Stlth:     It makes you more stealthy.
 X - the amulet "Laashiog" {Regen+ rCorr}
   (You found it on level 14 of the Dungeon)

   [amulet of regeneration]

   Regen:     It increases your rate of health regeneration.
   rCorr:     It protects you from acid and corrosion.
 Z - a ring of protection from fire
Wands
 x - a wand of digging (29)
 z - a wand of mindburst (64)
 A - a wand of iceblast (94)
 P - a wand of acid (51)
Scrolls
 g - 8 scrolls of magic mapping
 h - 3 scrolls of silence
 i - a scroll of brand weapon
 l - 6 scrolls of blinking
 n - 2 scrolls of summoning
 o - 10 scrolls of enchant weapon
 p - 4 scrolls of holy word
 q - 21 scrolls of teleportation
 t - 12 scrolls of enchant armour
 v - 13 scrolls of immolation
 y - 9 scrolls of fog
 D - 3 scrolls of fear
 E - 22 scrolls of identify
Potions
 a - 2 potions of cancellation
 b - 2 potions of invisibility
 d - 6 potions of heal wounds
 m - 6 potions of haste
 s - 6 potions of berserk rage
 u - 8 potions of mutation
 H - 3 potions of ambrosia
 Q - 4 potions of might
 S - 6 potions of resistance
 Y - 16 potions of curing
Miscellaneous
 F - a phantom mirror
 I - a condenser vane
 O - a lightning rod (4/4)
 T - a phantom mirror
 U - a box of beasts


   Skills:
 * Level 19.1 Fighting
 + Level 2.4 Short Blades
 + Level 4.6 Staves
 + Level 2.8 Armour
 + Level 12.5 Dodging
 + Level 6.7 Stealth
 + Level 8.9 Shields
 + Level 0.6 Unarmed Combat
 O Level 27 Spellcasting
 + Level 2.7 Evocations


You couldn't memorise any spells.
You knew the following spells:

 Your Spells              Type           Power      Damage    Failure   Level
a - Foxfire               Conj/Fire      100%       2x1d9     0%          1
b - Conjure Flame         Conj/Fire      100%       6-21      0%          3
c - Inner Flame           Hex/Fire       100%       N/A       0%          3
d - Sticky Flame          Conj/Fire      100%       2d11      0%          4
e - Fireball              Conj/Fire      69%        3d26      0%          5
f - Sandblast             Erth           100%       2d20      0%          1
g - Slow                  Hex            100%       N/A       0%          2
h - Searing Ray           Conj           100%       3d7       0%          2
i - Summon Lightning Spi  Summ/Air       100%       N/A       0%          4
j - Iskenderun's Mystic   Conj/Tloc      100%       2d19      0%          4
k - Lee's Rapid Deconstr  Erth           57%        3d27*     0%          5
l - Invisibility          Hex            57%        N/A       0%          6
m - Ozocubu's Refrigerat  Ice            69%        4d18      1%          7
n - Storm Form            Tmut/Air       57%        N/A       1%          7
o - Spellforged Servitor  Conj/Summ      69%        N/A       1%          7
p - Monstrous Menagerie   Summ           57%        N/A       1%          7
q - Borgnjor's Revivific  Necr           57%        N/A       1%          8
r - Chain Lightning       Conj/Air       69%        3d92      2%          9
Your spell library was empty.

Dungeon Overview and Level Annotations

Branches:
Dungeon (15/15)            Temple (1/1) D:4            Lair (6/6) D:8
 Shoals (4/4) Lair:4        Snake (4/4) Lair:3        Slime (0/5) Lair:6
    Orc (2/2) D:12            Elf (3/3) Orc:2        Vaults (5/5) D:14
  Crypt (3/3) Vaults:3       Tomb (0/3) Crypt:3      Depths (4/5) D:15
 Bailey (visited)           IceCv (visited)

Altars:
Ashenzari
Cheibriados
Dithmenos
Elyvilon
Fedhas
Gozag
Hepliaklqana
Makhleb
Nemelex Xobeh
Okawaru
Qazlal
Ru
Sif Muna
Vehumet
Wu Jian
Xom
Yredelemnul
Zin
The Shining One
Beogh

Shops:
D:1 ?   D:8 *[   D:14 [   D:15 ?   Orc:1 (   Orc:2 *[[:   Elf:1 [   Elf:2 (!:*
Shoals:4 *   Snake:2 ?(   Snake:4 [   Vaults:1 !   Vaults:2 :   Vaults:4 !
Depths:2 !

Portals:
Hell: Depths:1 Depths:2 Depths:3
Abyss: Depths:1 Depths:3
Pandemonium: Depths:1 Depths:2 Depths:3
Ziggurat: Depths:1

Annotations:
D:4 Natasha
D:15 3 runed translucent doors, Qedott's ghost, journeyman PaCj
Vaults:3 Mennas
Depths:3 1 runed door


Innate Abilities, Weirdness & Mutations

You are immune to sickness and miasma.
You are immune to poison.
Your flesh is very heat resistant. (rF++)
You are vulnerable to cold. (rC-)
You float through the air rather than walking.
You learn spells naturally, not from books.
Your magical power is your life essence.
You have superior vitality. (+4 HP)
You are frail. (-10% HP)


Message History

Casting: Fireball (safe; 0% risk of failure)
Confirm with . or Enter, or press ? or * to list all spells.
Aiming: Fireball (safe; 0% risk of failure)
Press: ? - help, Shift-Dir - straight line, f - shadow dragon
Aim: a shadow dragon You feel a surge of power!
The fireball explodes!
The fireball engulfs the shadow dragon!!
The shadow dragon is moderately wounded.
The deep elf sorcerer gestures at you while chanting.
The bolt of acid hits you!! The acid corrodes you!
You are splashed with acid!
Unknown command.
Casting: Fireball (safe; 0% risk of failure)
Confirm with . or Enter, or press ? or * to list all spells.
Aiming: Fireball (safe; 0% risk of failure)
Press: ? - help, Shift-Dir - straight line, f/p - shadow dragon
Aim: a shadow dragon (moderately wounded)
You feel a surge of power!
The fireball explodes!
The fireball engulfs the shadow dragon!!
The shadow dragon is heavily wounded.
The deep elf sorcerer points at you and mumbles some strange words.
The bolt of acid hits you!!
* * * LOW HITPOINT WARNING * * *
The acid corrodes you!
You are splashed with acid!
* * * LOW HITPOINT WARNING * * *
Unknown command.
Casting: Fireball (safe; 0% risk of failure)
Confirm with . or Enter, or press ? or * to list all spells.
Aiming: Fireball (safe; 0% risk of failure)
Press: ? - help, Shift-Dir - straight line, f/p - shadow dragon
Aim: a shadow dragon (heavily wounded)
You feel a surge of power!
The fireball explodes!
The fireball engulfs the shadow dragon.
The shadow dragon is heavily wounded.
* * * LOW HITPOINT WARNING * * *
You hear a horrible gurgling sound! x2
The shadow dragon is distracted by your dazzling golden aura.
The deep elf sorcerer points at you and mumbles some strange words.
The bolt of acid hits you!!
You die...
Your body crumbles into a pile of gold.

#..$.#
...$.#
#....#.
#......
###.$.##.
###..$..$..
.$$..$$$##.
$$$$#$$.#..
###$$@*...#
#$$######
#.. $$.D
#.#.. e.#..


You could see a shadow dragon (unaware), a deep elf sorcerer and a friendly
battlesphere.

Vanquished Creatures
  2 dread liches (Vaults:5)
  Margery (Vaults:4)
  Xtahua (Vaults:2)
  Nikola (Vaults:3)
  2 golden dragons
  4 tentacled monstrosities
  Rupert (D:15)
  A lich (Vaults:5)
  Asterion (Snake:4)
  A shard shrike skeleton (Crypt:3)
  6 titans
  2 deep elf master archers (Elf:3)
  2 deep elf blademasters (Elf:3)
  4 quicksilver dragons
  Polyphemus (Shoals:2)
  3 ancient champions
  5 shadow dragons
  4 sphinxes
  Frances (D:14)
  Gastronok (Lair:2)
  4 storm dragons
  Kirke (Snake:2)
  5 tengu reavers
  An azure jelly (shapeshifter) (Vaults:5)
  Donald (Shoals:2)
  5 nagarajas
  A revenant (Crypt:3)
  9 frost giants
  Roxanne (Snake:2)
  9 fire giants
  Louise (D:14)
  3 deep elf sorcerers
  13 vault wardens
  2 balrugs
  Aizul (Shoals:1)
  6 ghouls
  2 curse skulls
  The ghost of Tuicow the Eclecticist, a journeyman DECj of Vehumet (D:14)
  2 orc warlords
  4 war gargoyles
  23 vampire knights
  19 ironbound preservers
  4 deep elf elementalists (Elf:3)
  5 deep elf demonologists
  A juggernaut skeleton (Depths:1)
  11 stone giants
  10 very ugly things
  Nessos (D:15)
  The ghost of Ruicvywi the Grappler, a journeyman OgTm of Okawaru (Lair:3)
  3 entropy weavers
  2 spark wasps
  7 deep elf annihilators
  3 merfolk javelineers
  Snorg (D:10)
  7 fire dragons
  11 merfolk impalers
  4 eidola
  A quicksilver dragon zombie (Crypt:3)
  9 deep elf death magi
  2 crystal guardians (Vaults:4)
  11 ettins
  3 deep elf high priests
  8 jiangshi
  A fire dragon (shapeshifter) (Vaults:1)
  5 ice dragons
  8 yaktaur captains
  8 boulder beetles
  9 great orbs of eyes
  9 naga warriors
  41 vault guards
  5 ironbound thunderhulks
  13 hydras
  3 peacekeepers
  Harold (Lair:2)
  Erolcha (D:10)
  4 catoblepae
  A merfolk avatar (Shoals:4)
  3 rakshasas
  6 salamander tyrants
  2 death knights (Crypt:1)
  3 ogre magi
  10 anacondas
  11 ironbound frosthearts
  12 centaur warriors
  3 merfolk aquamancers (Shoals:4)
  A satyr (Shoals:4)
  15 two-headed ogres
  4 alligator snapping turtles
  5 death yaks
  6 deep troll shamans
  6 tengu warriors
  8 vampire magi
  10 deep troll earth magi
  A hell hog (Depths:2)
  6 shock serpents
  Urug (Lair:1)
  A storm dragon zombie (Crypt:3)
  4 ironbound beastmasters
  8 naga sharpshooters
  Sonja (Orc:1)
  12 soul eaters
  13 deep elf knights
  23 hell knights
  2 shadow wraiths (Crypt:2)
  7 iron trolls
  2 sun demons
  19 sea snakes
  3 salamander mystics
  37 skeletal warriors
  60 deep trolls
  4 naga ritualists
  A swamp dragon (shapeshifter) (Elf:1)
  2 glowing orange brains
  A flayed ghost (Crypt:3)
  A kraken simulacrum (Shoals:4)
  7 deep elf archers
  A sphinx zombie (Depths:2)
  19 harpies
  12 orc knights
  A shadow dragon zombie (Crypt:3)
  7 lindwurms
  A lindwurm (shapeshifter) (Elf:1)
  9 wizards
  A bunyip skeleton (Crypt:3)
  29 phantasmal warriors
  13 ironbound convokers
  8 necromancers
  24 deep elf zephyrmancers
  2 stone giant zombies
  2 fire giant zombies (Crypt:3)
  25 deep elf pyromancers
  A wolf spider zombie (Crypt:1)
  11 mana vipers
  A golden dragon skeleton (Depths:2)
  An iron dragon zombie (Crypt:3)
  An orc sorcerer (Orc:2)
  12 cyclopes
  A faun (shapeshifter) (Vaults:1)
  A frost giant zombie (Crypt:3)
  22 ugly things
  3 fauns (Shoals:1)
  17 salamanders
  A cyclops (shapeshifter) (Depths:3)
  14 manticores
  A stone giant skeleton (Depths:1)
  22 naga magi
  A spriggan zombie (Depths:2)
  31 black mambas
  13 elephants
  Joseph (Lair:1)
  A rust devil (Depths:3)
  5 water nymphs
  12 vault sentinels
  An ice statue (D:14)
  5 merfolk sirens
  2 guardian serpents (shapeshifter) (Elf:1)
  8 guardian serpents
  An elephant slug zombie (Crypt:2)
  A water nymph (shapeshifter) (Elf:1)
  3 smoke demons
  A hellion (Depths:2)
  2 gargoyles
  An unseen horror (shapeshifter) (Elf:1)
  Psyche (D:9)
  11 komodo dragons
  5 freezing wraiths
  6 rime drakes
  18 yaktaurs
  14 cane toads
  2 kobold demonologists
  3 tengu conjurers
  2 demonic crawlers (D:14)
  2 ice devils (D:14)
  2 efreet
  A harpy zombie (Crypt:3)
  21 merfolk
  10 trolls
  4 guardian mummies (Crypt:3)
  A hornet (D:8)
  A troll (shapeshifter) (Vaults:5)
  A polar bear (Lair:6)
  A golden dragon simulacrum (Depths:2)
  21 slime creatures
  A merfolk (shapeshifter) (Vaults:5)
  A hornet (shapeshifter) (Elf:2)
  4 wind drakes
  A catoblepas skeleton (Crypt:2)
  28 blink frogs
  A fire dragon zombie (Crypt:3)
  An ettin zombie (Crypt:3)
  A human simulacrum (Vaults:2)
  A stone giant simulacrum (Depths:1)
  4 flying skulls (Crypt:2)
  11 snapping turtles
  10 dream sheep
  6 redbacks
  A spriggan (shapeshifter) (Elf:1)
  2 tarantellas (shapeshifter) (Elf:1)
  A deep troll skeleton (Vaults:2)
  5 centaur simulacra
  5 fire elementals
  16 wraiths
  A shadow (D:11)
  2 wyverns
  A spriggan simulacrum (Depths:2)
  3 air elementals
  A human (shapeshifter) (Elf:1)
  8 water elementals
  62 yaks
  2 tyrant leech zombies (Crypt:1)
  A golden eye (shapeshifter) (Elf:1)
  5 basilisks
  A ynoxinul (Depths:3)
  4 hogs (Snake:2)
  A steam dragon (D:8)
  A neqoxec (Depths:1)
  A chaos spawn (Depths:3)
  2 wargs (Orc:2)
  5 vampire mosquitoes
  Menkaure (D:4)
  A glowing shapeshifter zombie (Crypt:3)
  A water nymph zombie (Crypt:3)
  3 acid dragons
  A cane toad zombie (Crypt:3)
  2 gelid demonspawn zombies
  24 nagas
  An infernal demonspawn skeleton (Crypt:2)
  10 water moccasins
  A floating eye (Depths:2)
  A swamp dragon zombie (Crypt:2)
  A meliai simulacrum (D:14)
  A sky beast (D:7)
  A black bear (shapeshifter) (Elf:1)
  A manticore zombie (Crypt:2)
  31 orc warriors
  3 snapping turtle zombies (Crypt:3)
  A black bear (Lair:1)
  3 necrophages
  A boggart (Vaults:2)
  2 tengu (shapeshifter) (Elf:1)
  24 ogres
  6 centaurs
  13 wolves
  A rime drake skeleton (Crypt:1)
  Blork the orc (D:4)
  A scorpion (shapeshifter) (Depths:4)
  10 bullfrogs
  2 human skeletons
  3 earth elementals (Elf:3)
  A gnoll sergeant (D:9)
  4 scorpions
  A yaktaur skeleton (Crypt:1)
  A hornet simulacrum (D:14)
  A water moccasin zombie (D:7)
  A water moccasin skeleton (D:4)
  A polar bear zombie (Crypt:1)
  4 wights (D:9)
  9 killer bees
  5 vampire bats (D:14)
  5 howler monkeys (D:12)
  An electric eel (Lair:2)
  4 centaur zombies
  Crazy Yiuf (D:6)
  2 bullfrog skeletons
  2 gnoll shamans
  3 centaur skeletons
  17 orc priests
  2 hounds
  15 jellies
  Natasha (twice) (D:4)
  4 iguanas
  26 orc wizards
  An acid dragon skeleton (Crypt:3)
  A hound skeleton (D:5)
  A howler monkey zombie (D:10)
  24 gnolls
  5 adders
  An ufetubus (D:4)
  A lava snake zombie (Crypt:2)
  A worm (D:2)
  An adder skeleton (D:4)
  3 dart slugs
  90 orcs
  5 ball pythons
  A bat zombie (Crypt:2)
  3 endoplasms
  3 giant cockroaches
  9 hobgoblins
  7 jackals
  6 quokkas
  8 bats
  2 frilled lizards (D:1)
  19 goblins
  9 kobolds
  4 rats
  4 tentacles
1846 creatures vanquished.

Vanquished Creatures (collateral kills)
  Bai Suzhen (Vaults:2)
  A lich (Vaults:5)
  A titan (Vaults:5)
  A kraken (Shoals:3)
  2 tengu reavers (Vaults:5)
  2 vault wardens (Vaults:5)
  The ghost of robertstho the Warrior, a journeyman DrBe of Trog (Lair:6)
  2 ghouls (Crypt:1)
  An orc warlord (Bailey)
  3 stone giants (Vaults:5)
  A very ugly thing (Vaults:5)
  A minotaur (Lair:3)
  A jiangshi (Crypt:1)
  A fire dragon (D:11)
  4 ettins
  An alligator snapping turtle (Shoals:4)
  3 death yaks
  A deep troll earth mage (Depths:1)
  A soul eater (Crypt:3)
  A naga sharpshooter (Snake:4)
  2 iron trolls (Depths:1)
  A deep troll (Vaults:5)
  A phantasmal warrior (Crypt:3)
  3 ugly things (D:15)
  4 elephants
  A black mamba (Lair:6)
  Maurice (D:10)
  A black mamba (shapeshifter) (Vaults:5)
  A cane toad (Lair:2)
  A komodo dragon (Lair:4)
  A minotaur skeleton (Crypt:1)
  A wolf spider simulacrum (D:14)
  2 wind drakes
  6 blink frogs (Lair:2)
  A snapping turtle (Shoals:4)
  A dream sheep (Lair:4)
  2 centaur simulacra (D:14)
  A basilisk (Lair:2)
  11 yaks
  2 wyverns
  A warg (D:15)
  A water moccasin (Lair:5)
  2 orc warriors (Bailey)
  A necrophage (Crypt:1)
  A wolf (Lair:6)
  A bullfrog (Lair:2)
  An orc wizard (D:10)
  A howler monkey zombie (D:8)
  7 gnolls (Bailey)
  An adder (shapeshifter) (Vaults:5)
  7 orcs
  3 goblins (Bailey)
  4 hobgoblins (Bailey)
  A tentacle (Shoals:3)
106 creatures vanquished.

Vanquished Creatures (others)
  29 dancing weapons
  590 foxfires
  46 fungi
  83 plants
  6 tentacles (Shoals:3)
754 creatures vanquished.

Grand Total: 2706 creatures vanquished

Notes
Turn   | Place    | Note
-------+----------+-------------------------------------------
     0 | D:1      | robertstho the Djinni Fire Elementalist began the quest for
                  | the Orb.
     0 | D:1      | Reached XP level 1. HP: 15/15 MP: 0/0
    38 | D:1      | Reached XP level 2. HP: 7/22 MP: 0/0
   286 | D:1      | You are sucked into a shaft and drop 1 floor!
   724 | D:2      | Reached skill level 3 in Spellcasting
   766 | D:2      | Reached XP level 3. HP: 24/26 MP: 0/0
   766 | D:2      | Learned a level 1 spell: Sandblast
  1618 | D:1      | Found Teics's Magic Scroll Shoppe.
  1622 | D:1      | Found a faded altar of an unknown god.
  1762 | D:1      | Reached skill level 1 in Fighting
  1789 | D:1      | Reached XP level 4. HP: 29/32 MP: 0/0
  3212 | D:3      | Found a burning altar of Makhleb.
  3212 | D:3      | Noticed a cacodemon
  3280 | D:4      | Noticed a scorpion
  3292 | D:4      | Killed a scorpion
  3293 | D:4      | Reached skill level 4 in Spellcasting
  3293 | D:4      | Reached XP level 5. HP: 4/37 MP: 0/0
  3293 | D:4      | Learned a level 2 spell: Slow
  3599 | D:4      | Reached XP level 6. HP: 11/42 MP: 0/0
  3867 | D:4      | Found a sparkling altar of Nemelex Xobeh.
  3993 | D:4      | Noticed Natasha
  3994 | D:4      | Noticed Blork the orc
  4001 | D:4      | Killed Natasha
  4006 | D:4      | Killed Blork the orc
  4007 | D:4      | Reached skill level 5 in Spellcasting
  4137 | D:4      | Found a staircase to the Ecumenical Temple.
  4220 | Temple   | Entered the Ecumenical Temple
  4283 | Temple   | Became a worshipper of Gozag Ym Sagoz the Greedy
  4395 | D:4      | Noticed Menkaure
  4399 | D:4      | Killed Menkaure
  4400 | D:4      | Reached XP level 7. HP: 45/49 MP: 0/0
  4400 | D:4      | Learned a level 2 spell: Searing Ray
  4500 | D:4      | Noticed Natasha
  4510 | D:4      | Killed Natasha
  4673 | D:4      | Noticed Natasha
  4896 | D:1      | Bought a scroll of fear for 45 gold pieces
  4896 | D:1      | Bought a scroll of identify for 26 gold pieces
  4896 | D:1      | Bought a scroll of blinking for 97 gold pieces
  4975 | D:5      | Entered Level 5 of the Dungeon
  5159 | D:5      | Reached skill level 6 in Spellcasting
  5159 | D:5      | Reached XP level 8. HP: 49/55 MP: 0/0
  5804 | D:6      | Found a broken altar of Ashenzari.
  5924 | D:6      | Found a runed translucent door.
  5925 | D:6      | Noticed Crazy Yiuf
  6039 | D:6      | Reached skill level 7 in Spellcasting
  6573 | D:6      | Killed Crazy Yiuf
  6574 | D:6      | Reached XP level 9. HP: 45/60 MP: 0/0
  6574 | D:6      | Learned a level 4 spell: Summon Lightning Spire
  6675 | D:1      | Bought a scroll of magic mapping for 45 gold pieces
  6675 | D:1      | Bought a scroll of fear for 45 gold pieces
  6675 | D:1      | Bought a scroll of blinking for 97 gold pieces
  6675 | D:1      | Bought a scroll of enchant armour for 97 gold pieces
  7203 | D:7      | Found a shimmering altar of Xom.
  7205 | D:7      | Found a shimmering altar of Xom.
  7205 | D:7      | Found a shimmering altar of Xom.
  7279 | D:7      | Found a shimmering altar of Xom.
  7284 | D:7      | Found a shimmering altar of Xom.
  7284 | D:7      | Found a shimmering altar of Xom.
  7286 | D:7      | Found a shimmering altar of Xom.
  7319 | D:7      | Noticed a two-headed ogre
  7327 | D:7      | Killed a two-headed ogre
  7328 | D:7      | Reached skill level 8 in Spellcasting
  8001 | D:8      | Found a white marble altar of Elyvilon.
  8010 | D:8      | Found Xukeju's Neck Hole.
  8537 | D:8      | Noticed a hornet
  8544 | D:8      | Killed a hornet
  8545 | D:8      | Reached skill level 9 in Spellcasting
  8545 | D:8      | Reached XP level 10. HP: 27/67 MP: 0/0
  8552 | D:8      | Reached skill level 1 in Short Blades
  9188 | D:8      | Found a staircase to the Lair.
  9361 | D:9      | Noticed Psyche
  9365 | D:9      | Killed Psyche
  9951 | D:9      | Noticed a two-headed ogre
  9960 | D:9      | Reached skill level 10 in Spellcasting
  9965 | D:9      | Killed a two-headed ogre
  9969 | D:9      | Reached skill level 5 in Fighting
  9976 | D:10     | Entered Level 10 of the Dungeon
 10276 | D:9      | Found the necklace of Bloodlust {*Rage +Rage Will++ Int-3
                  | Slay+6}
 10326 | D:9      | Reached XP level 11. HP: 34/75 MP: 0/0
 10326 | D:9      | Learned a level 4 spell: Iskenderun's Mystic Blast
 10943 | D:10     | Noticed Snorg
 10948 | D:10     | Killed Snorg
 10949 | D:10     | Reached skill level 11 in Spellcasting
 11389 | D:10     | Noticed Erolcha
 11396 | D:10     | Killed Erolcha
 11397 | D:10     | Reached skill level 5 in Dodging
 11548 | D:10     | Noticed Maurice
 11616 | Lair:1   | Entered Level 1 of the Lair of Beasts
 11622 | Lair:1   | Noticed Joseph
 12128 | Lair:1   | Noticed Urug
 12414 | D:10     | Killed Maurice
 12419 | D:10     | Identified a scroll of acquirement
 12421 | D:10     | Acquired the ring of the Hare {EV+8}
 12422 | D:10     | Found the ring of the Hare {EV+8}
 13358 | D:10     | Found a glowing golden altar of the Shining One.
 13629 | D:11     | Noticed a two-headed ogre
 13634 | D:11     | Killed a two-headed ogre
 13635 | D:11     | Reached skill level 12 in Spellcasting
 13635 | D:11     | Reached XP level 12. HP: 53/83 MP: 0/0
 13692 | D:11     | Noticed a two-headed ogre
 13701 | D:11     | Killed a two-headed ogre
 13713 | D:11     | Found a flagged portal.
 13722 | Bailey   | Entered a bailey
 15138 | Bailey   | Noticed an orc warlord
 15158 | Bailey   | Killed an orc warlord
 15552 | Bailey   | Acquired the +0 staff of Battle
 15553 | Bailey   | Found the +0 staff of Battle
 15642 | D:11     | Noticed a two-headed ogre
 15648 | D:11     | Killed a two-headed ogre
 15739 | D:11     | Reached skill level 13 in Spellcasting
 15939 | D:11     | Noticed a fire dragon
 15956 | D:11     | Noticed a deep troll earth mage
 15960 | D:11     | Killed a deep troll earth mage
 15965 | D:11     | Killed a fire dragon
 16129 | D:11     | Identified the ring of False Pretenses {Wiz rC+ Will+ Str-3
                  | SInv}
 16690 | Lair:1   | Killed Joseph
 16695 | Lair:1   | Killed Urug
 16696 | Lair:1   | Reached XP level 13. HP: 26/90 MP: 0/0
 16696 | Lair:1   | Learned a level 5 spell: Lee's Rapid Deconstruction
 16740 | Lair:1   | Noticed a six-headed hydra
 16746 | Lair:1   | Killed a six-headed hydra
 17350 | Lair:1   | Noticed a seven-headed hydra
 17362 | Lair:1   | Killed a seven-headed hydra
 17365 | Lair:1   | Reached skill level 14 in Spellcasting
 17584 | Lair:1   | Noticed a five-headed hydra
 17589 | Lair:1   | Killed a five-headed hydra
 18153 | Lair:2   | Noticed Gastronok
 18405 | Lair:2   | Killed Gastronok
 18576 | Lair:2   | Noticed a six-headed hydra
 18581 | Lair:2   | Noticed Harold
 18587 | Lair:2   | Noticed a six-headed hydra
 18881 | Lair:2   | Killed a six-headed hydra
 18884 | Lair:2   | Killed Harold
 18889 | Lair:2   | Killed a six-headed hydra
 18890 | Lair:2   | Reached skill level 15 in Spellcasting
 19790 | Lair:4   | Reached XP level 14. HP: 40/98 MP: 0/0
 20926 | Lair:4   | Found a staircase to the Shoals.
 21501 | Lair:5   | Reached skill level 1 in Staves
 21501 | Lair:5   | Reached skill level 5 in Stealth
 21501 | Lair:5   | Reached XP level 15. HP: 104/104 MP: 0/0
 21501 | Lair:5   | Learned a level 6 spell: Invisibility
 22799 | Lair:6   | Entered Level 6 of the Lair of Beasts
 22809 | Lair:6   | Reached skill level 16 in Spellcasting
 23295 | Lair:6   | Noticed robertstho's ghost (journeyman DrBe)
 24123 | Lair:6   | Found a staircase to the Slime Pits.
 24370 | Lair:6   | Found a runed translucent door.
 24868 | Lair:6   | Reached XP level 16. HP: 98/112 MP: 0/0
 25443 | Lair:6   | Killed robertstho's ghost
 25454 | Lair:6   | Acquired a +1 pair of gloves of archery
 25461 | Lair:6   | Acquired 1188 gold pieces
 25702 | Lair:3   | Reached skill level 17 in Spellcasting
 26086 | Lair:3   | Found a staircase to the Snake Pit.
 26346 | Lair:3   | Found a runed translucent gate.
 26346 | Lair:3   | Found a runed translucent gate.
 26347 | Lair:3   | Found a runed translucent gate.
 26349 | Lair:3   | Noticed Ruicvywi's ghost (journeyman OgTm)
 27007 | Lair:3   | Killed Ruicvywi's ghost
 29724 | D:12     | Found a staircase to the Orcish Mines.
 30042 | D:12     | Reached skill level 10 in Fighting
 30469 | D:13     | Identified the +2 robe of Failure {Int+3 SInv}
 31201 | D:14     | Found a frozen archway.
 31202 | D:14     | HP: 4/113 [ice statue/bolt of cold (24)]
 31213 | IceCv    | Entered an ice cave
 31671 | D:14     | Noticed Frances
 31678 | D:14     | Killed Frances
 32088 | D:14     | Reached skill level 18 in Spellcasting
 32225 | D:14     | Noticed Louise
 32235 | D:14     | Killed Louise
 32247 | D:14     | Found a gate to the Vaults.
 32619 | D:14     | Found a runed translucent gate.
 32619 | D:14     | Found a runed translucent gate.
 32619 | D:14     | Found a runed translucent gate.
 32688 | D:14     | Noticed Tuicow's ghost (journeyman DECj)
 32781 | D:14     | Reached XP level 17. HP: 77/119 MP: 0/0
 32781 | D:14     | Learned a level 7 spell: Ozocubu's Refrigeration
 33818 | D:14     | Bought a distressingly furry robe for 136 gold pieces
 33818 | D:14     | Identified the +1 robe "Leiram" {rPois} (You bought it in a
                  | shop on level 14 of the Dungeon)
 33818 | D:14     | Bought a shiny helmet for 180 gold pieces
 33849 | D:14     | Killed Tuicow's ghost
 34107 | D:14     | Identified the ring of the Fool {Fire rN+}
 34113 | D:14     | Identified the amulet "Laashiog" {Regen+ rCorr}
 34141 | D:15     | Entered Level 15 of the Dungeon
 34166 | D:15     | Noticed Rupert
 34185 | D:15     | Killed Rupert
 34293 | D:15     | Noticed Nessos
 34295 | D:15     | Killed Nessos
 34478 | D:15     | Found a runed translucent gate.
 34478 | D:15     | Found a runed translucent gate.
 34478 | D:15     | Found a runed translucent gate.
 34483 | D:15     | Noticed Qedott's ghost (journeyman PaCj)
 34542 | D:15     | Found the +3 crown of Dyrovepreva {rElec Int+2 SInv}
 34559 | D:15     | Found a staircase to the Depths.
 34625 | D:15     | Bought a scroll of acquirement for 832 gold pieces
 34625 | D:15     | Bought a scroll of enchant weapon for 120 gold pieces
 34625 | D:15     | Bought a scroll of holy word for 120 gold pieces
 34625 | D:15     | Bought a scroll of identify for 32 gold pieces
 34625 | D:15     | Bought a scroll of identify for 32 gold pieces
 34625 | D:15     | Bought a scroll of teleportation for 48 gold pieces
 34625 | D:15     | Bought a scroll of teleportation for 48 gold pieces
 34625 | D:15     | Bought a scroll of identify for 32 gold pieces
 34625 | D:15     | Acquired a ring of protection from cold
 34752 | Orc:1    | Entered Level 1 of the Orcish Mines
 34758 | Orc:1    | Found Guuqa's Weapon Shoppe.
 34769 | Orc:1    | Noticed Sonja
 34772 | Orc:1    | Killed Sonja
 35046 | Orc:2    | Entered Level 2 of the Orcish Mines
 35117 | Orc:2    | Found Lysuela's Assorted Antiques.
 35117 | Orc:2    | Found Hion's Antique Armour Shoppe.
 35120 | Orc:2    | Reached skill level 19 in Spellcasting
 35200 | Orc:2    | Found Hialoit's Armour Shop.
 35223 | Orc:2    | Bought an inky potion for 29 gold pieces
 35223 | Orc:2    | Bought a scroll of acquirement for 1716 gold pieces
 35223 | Orc:2    | Bought a scroll of teleportation for 99 gold pieces
 35257 | Orc:2    | Found a staircase to the Elven Halls.
 35272 | Orc:2    | Found Ixki's Book Emporium.
 35281 | Orc:2    | Bought a manual of Stealth for 1120 gold pieces
 35282 | Orc:2    | Acquired 1158 gold pieces
 36201 | Elf:1    | Entered Level 1 of the Elven Halls
 36363 | D:8      | Bought an amulet of reflection for 300 gold pieces
 36363 | D:8      | Bought a scarf of resistance for 320 gold pieces
 36553 | Elf:1    | Reached XP level 18. HP: 112/126 MP: 0/0
 38716 | Elf:1    | Found Tebig's Armour Boutique.
 39329 | Elf:2    | Found Erhocats's Distillery.
 39337 | Elf:2    | Bought a potion of lignification for 48 gold pieces
 39337 | Elf:2    | Bought a potion of heal wounds for 80 gold pieces
 39337 | Elf:2    | Bought a potion of invisibility for 128 gold pieces
 39337 | Elf:2    | Bought a potion of mutation for 128 gold pieces
 39337 | Elf:2    | Bought a potion of curing for 48 gold pieces
 39573 | Elf:2    | Found Atuisew's Book Shoppe.
 39664 | Elf:2    | Reached skill level 20 in Spellcasting
 39988 | Elf:2    | Found Zysmettu's Assorted Antiques.
 39992 | Elf:2    | Bought a scroll labelled LOCKETRUKIUXO for 41 gold pieces
 39992 | Elf:2    | Bought a scroll of identify for 82 gold pieces
 39992 | Elf:2    | Bought a black potion for 36 gold pieces
 39992 | Elf:2    | Bought a scroll of teleportation for 123 gold pieces
 40370 | Elf:2    | Found Esikuc's Weapon Shoppe.
 40547 | Elf:2    | Found a runed translucent gate.
 40549 | Elf:2    | Found a runed translucent gate.
 40550 | Elf:2    | Found a runed translucent gate.
 41592 | Elf:2    | Reached skill level 1 in Shields
 42255 | Elf:2    | Reached XP level 19. HP: 96/133 MP: 0/0
 42255 | Elf:2    | Learned a level 7 spell: Storm Form
 42545 | Elf:3    | Entered Level 3 of the Elven Halls
 42564 | Elf:3    | Paralysed by an air elemental for 1 turns
 43898 | Elf:3    | Identified the ring "Fatip" {Ice rN+++ Str-2 Dex-4 Stlth+}
 44362 | Elf:3    | Identified the +6 morningstar "Limix" {holy, rC+ Will+
                  | Str+3}
 44362 | Elf:3    | Identified the ring "Vyb Xoqo" {Fly rElec rCorr Int-5
                  | Stlth+}
 44367 | Elf:3    | Gained mutation: You are frail. (-10% HP) [a cacodemon]
 44370 | Elf:3    | Noticed a Hell Sentinel
 44374 | Elf:3    | Reached skill level 21 in Spellcasting
 44609 | Elf:3    | Noticed a deep elf blademaster
 44613 | Elf:3    | Killed a deep elf blademaster
 44778 | Elf:3    | Noticed a deep elf blademaster
 44782 | Elf:3    | Killed a deep elf blademaster
 45057 | Elf:3    | Identified the +11 dagger "Peasi" {vorpal, *Noise Fly
                  | Will+}
 45062 | Elf:3    | Identified the +7 trident of Wooraemn {venom, rF+ rC+}
 45065 | Elf:3    | Noticed a Brimstone Fiend
 46397 | Snake:1  | Entered Level 1 of the Snake Pit
 47996 | Snake:2  | Reached XP level 20. HP: 116/126 MP: 0/0
 49099 | Snake:2  | Noticed Kirke
 49102 | Snake:2  | Killed Kirke
 49328 | Snake:2  | Identified the +0 kite shield of the Tick {Str+4}
 49393 | Snake:2  | Noticed Roxanne
 49396 | Snake:2  | Killed Roxanne
 49676 | Snake:2  | Found Puthri's Magic Scroll Shoppe.
 49684 | Snake:2  | Bought a scroll of teleportation for 45 gold pieces
 49684 | Snake:2  | Bought a scroll of identify for 30 gold pieces
 49684 | Snake:2  | Bought a scroll of identify for 30 gold pieces
 49684 | Snake:2  | Bought a scroll of teleportation for 45 gold pieces
 49684 | Snake:2  | Bought a scroll of teleportation for 45 gold pieces
 49684 | Snake:2  | Bought a scroll of fear for 52 gold pieces
 49686 | Snake:2  | Found Xoolea's Weapon Emporium.
 50733 | Snake:3  | Reached skill level 22 in Spellcasting
 51880 | Snake:4  | Entered Level 4 of the Snake Pit
 52079 | Snake:4  | Found Zurics's Armour Shop.
 52337 | Snake:4  | Bought the +5 robe of Night {Dark Will+ SInv} for 900 gold
                  | pieces
 52337 | Snake:4  | Found the +5 robe of Night {Dark Will+ SInv}
 52984 | Snake:4  | Noticed Asterion
 53319 | Snake:4  | Reached XP level 21. HP: 98/133 MP: 0/0
 53319 | Snake:4  | Learned a level 7 spell: Spellforged Servitor
 54279 | Snake:4  | Got a serpentine rune of Zot
 54411 | Snake:4  | Killed Asterion
 54891 | D:14     | Bought a dazzling kite shield for 228 gold pieces
 54891 | D:14     | Identified the +4 kite shield of Miyriterch {-Cast rElec
                  | Will+ Stlth+} (You bought it in a shop on level 14 of the
                  | Dungeon)
 55770 | Shoals:1 | Entered Level 1 of the Shoals
 56009 | Shoals:1 | Noticed Aizul
 56013 | Shoals:1 | Killed Aizul
 57104 | Shoals:2 | Noticed Donald
 57107 | Shoals:2 | Killed Donald
 57546 | Shoals:2 | Noticed Polyphemus
 57550 | Shoals:2 | Killed Polyphemus
 58657 | Shoals:3 | Reached skill level 23 in Spellcasting
 60181 | Shoals:4 | Entered Level 4 of the Shoals
 61913 | Shoals:4 | Found Dohyt's Assorted Antiques.
 62358 | Shoals:4 | Bought a scroll of acquirement for 1872 gold pieces
 62358 | Shoals:4 | Bought a potion of curing for 108 gold pieces
 62358 | Shoals:4 | Acquired the ring of Qufemath {Wiz rPois rCorr Str+2 Dex+2}
 62518 | Shoals:4 | Reached XP level 22. HP: 112/140 MP: 0/0
 62714 | Shoals:4 | Got a barnacled rune of Zot
 63372 | Vaults:1 | Entered Level 1 of the Vaults
 64525 | Vaults:1 | Found Idgh's Distillery.
 64528 | Vaults:1 | Bought a potion of curing for 54 gold pieces
 64528 | Vaults:1 | Bought 2 potions of curing for 108 gold pieces
 64528 | Vaults:1 | Bought a potion of curing for 54 gold pieces
 64528 | Vaults:1 | Bought a potion of curing for 54 gold pieces
 64528 | Vaults:1 | Bought 2 potions of curing for 108 gold pieces
 66108 | Vaults:2 | Noticed Bai Suzhen
 66113 | Vaults:2 | Killed Bai Suzhen
 66603 | Vaults:2 | Noticed Xtahua
 66607 | Vaults:2 | Killed Xtahua
 66608 | Vaults:2 | Reached skill level 24 in Spellcasting
 67020 | Vaults:2 | Found a portal to a secret trove of treasure.
 68409 | Vaults:2 | Found Veso's Book Boutique.
 69199 | Vaults:3 | Noticed Nikola
 69205 | Vaults:3 | Killed Nikola
 69490 | Vaults:2 | Acquired 501 gold pieces
 69493 | Vaults:2 | You paid a toll of a +7 demon trident to enter a treasure
                  | trove
 69494 | Trove    | Entered a treasure trove
 69553 | Trove    | Found the ring of the Mage {Wiz Will++ Int+3}
 69556 | Trove    | Identified the ring of Vouff {Fire *Corrode rPois Str+4
                  | Stlth+}
 69713 | Vaults:3 | Reached XP level 23. HP: 140/145 MP: 0/0
 69713 | Vaults:3 | Learned a level 7 spell: Monstrous Menagerie
 72066 | Vaults:3 | Found a staircase to the Crypt.
 73253 | Vaults:4 | Found Zivvot's Distillery.
 73264 | Vaults:4 | Bought a potion of heal wounds for 105 gold pieces
 73264 | Vaults:4 | Bought a potion of experience for 1050 gold pieces
 73264 | Vaults:4 | Bought a potion of curing for 63 gold pieces
 73264 | Vaults:4 | Bought a potion of heal wounds for 105 gold pieces
 73264 | Vaults:4 | Bought a potion of curing for 63 gold pieces
 73264 | Vaults:4 | Bought a potion of heal wounds for 105 gold pieces
 73264 | Vaults:4 | Bought 2 potions of resistance for 420 gold pieces
 73264 | Vaults:4 | Reached skill level 25 in Spellcasting
 73264 | Vaults:4 | Reached XP level 24. HP: 153/153 MP: 0/0
 73705 | Vaults:4 | Noticed Margery
 73711 | Vaults:4 | Killed Margery
 73819 | Vaults:4 | Reached XP level 25. HP: 98/157 MP: 0/0
 73819 | Vaults:4 | Learned a level 8 spell: Borgnjor's Revivification
 75014 | Vaults:5 | Entered Level 5 of the Vaults
 75637 | Vaults:5 | Noticed a dread lich
 75645 | Vaults:5 | Killed a dread lich
 75982 | Vaults:5 | Reached skill level 26 in Spellcasting
 76478 | Vaults:5 | Noticed Mennas
 76490 | Vaults:4 | HP: 7/159 [Mennas (12)]
 77236 | Vaults:5 | Reached XP level 26. HP: 131/163 MP: 0/0
 78070 | Vaults:5 | Noticed a dread lich
 78105 | Vaults:5 | Killed a dread lich
 78106 | Vaults:5 | Reached skill level 15 in Fighting
 79755 | Vaults:5 | Identified the +1 flail of Nuati {holy, *Corrode rF+++ rN++
                  | Str+4}
 79855 | Vaults:5 | Got a silver rune of Zot
 79862 | Vaults:5 | Identified the +0 plate armour "Ypadoh" {-Cast Dex+5
                  | Slay+3}
 79964 | Vaults:5 | Identified the +7 trident "Denu" {vorpal, Contam Int+4
                  | SInv}
 80561 | Crypt:1  | Entered Level 1 of the Crypt
 83274 | Crypt:2  | Found a glowing golden altar of the Shining One.
 83277 | Crypt:2  | Found a burning altar of Makhleb.
 83974 | Crypt:3  | Entered Level 3 of the Crypt
 83978 | Crypt:3  | Reached skill level 27 in Spellcasting
 83993 | Crypt:3  | Reached XP level 27. HP: 76/171 MP: 0/0
 83993 | Crypt:3  | Learned a level 9 spell: Chain Lightning
 84624 | Crypt:3  | Found a staircase to the Tomb.
 86684 | Crypt:3  | Found a basalt altar of Yredelemnul.
 86693 | Crypt:3  | Identified the ring "Luath" {rC+ rN+}
 86804 | Crypt:3  | Found the +15 Maxwell's patent armour {-Cast -Tele rElec
                  | Will+ rCorr}
 86810 | Crypt:3  | Identified the amulet of Dishonour {-Tele Regen+ Int+7}
 86814 | Crypt:3  | Identified the ring of Henotheism {rN+ Str+4}
 87801 | Crypt:3  | Reached skill level 5 in Shields
 88541 | Depths:1 | Entered Level 1 of the Depths
 88829 | Depths:1 | Found a one-way gate to the infinite horrors of the Abyss.
 89426 | Depths:1 | Found a gateway to a ziggurat.
 90088 | Depths:1 | Found a gateway to Hell.
 90724 | Depths:1 | Found a one-way gate leading to the halls of Pandemonium.
 90962 | Depths:2 | Found Zilatul's Distillery.
 90971 | Depths:2 | Bought a potion of heal wounds for 100 gold pieces
 90971 | Depths:2 | Bought a potion of heal wounds for 100 gold pieces
 90971 | Depths:2 | Bought a potion of curing for 60 gold pieces
 91038 | Depths:2 | Reached skill level 10 in Dodging
 94778 | Depths:3 | Found a runed door.
 95417 | Depths:4 | Identified the +4 scythe of the Dripping Fool {flame, rPois
                  | SInv}
 95991 | Depths:4 | Killed from afar by a deep elf sorcerer

Illustrated notes

Levels and vault maps discovered:
D:1:      minmay_arrival_shattered_statue, layout_rooms, serial_shops, shop,
          ebering_ecumenical_altar_sacrificial
D:2:      minmay_skewed_foursquare, layout_rooms, dk_noncrumbling_4,
          hangedman_decor_slide_cut
D:3:      layout_loops_cross, makhleb_altar_promises_db
D:4:      layout_basic, mainiacjoe_overflow_chevrons, minmay_temple_entry_glass,
          uniq_menkaure, uniq_natasha, uniq_blork_the_orc
D:5:      layout_rooms, minmay_manual_maat
D:6:      layout_basic, ashenzari_altar_1, minmay_a_box_with_orc_wizards_in_it,
          uniq_crazy_yiuf_cottage
D:7:      layout_basic, nicolae_xom_altar_mimics
D:8:      layout_basic, lemuel_crystal_altar, lair_entry_dummy,
          nicolae_shop_sticking_my_neck_out
D:9:      layout_loops_cross, uniq_psyche
D:10:     layout_layer_cave, nicolae_tso_swordbearing_angel,
          mainiacjoe_overflow_small_starburst, uniq_maurice, uniq_snorg,
          uniq_erolcha
D:11:     minmay_mutant_horseshoe, layout_cave_pods, enter_bailey_2, minivault_4
D:12:     kennysheep_bubbly, layout_basic, david_orc_5
D:13:     layout_gridville
D:14:     layout_long_grid, erik_vaults_2, gammafunk_ghost_icy,
          portal_ice_cave_entry_ice_statue_one, kennysheep_big_empty_room,
          roderic_batcave, einodemon_crawler_minivault, uniq_louise,
          uniq_frances
D:15:     grunt_enter_depths_magical_seal, layout_irregular_city,
          gammafunk_ghost_ooze, minivault_19, minivault_22,
          roderic_roman_lattice, uniq_rupert, uniq_nessos
Temple:   regret_index_temple_waves
Lair:1:   layout_long_grid, infiniplex_staircase_pool_2, grunt_megastairs_1,
          uniq_urug, uniq_joseph
Lair:2:   layout_regular_city, serial_bayou_shore_a, lemuel_fruit_tree,
          uniq_gastronok, uniq_harold
Lair:3:   layout_hall_layers, dummy_snake_entry, maelrawn_ghost_gauntlet_escape
Lair:4:   layout_small_grid, minmay_shoals_entry_beasts
Lair:5:   layout_cave_pods
Lair:6:   evilmike_catoblepas_cave, layout_regular_city,
          minmay_slime_entry_jelly_boxes, hellmonk_ghost_happy_afterlife
Shoals:1: layout_shoals, uniq_aizul
Shoals:2: layout_shoals, uniq_polyphemus, uniq_donald
Shoals:3: layout_shoals
Shoals:4: shoals_end_grunt_ice, layout_shoals, serial_shops, shop
Snake:1:  hangedman_cross_stitches, layout_honeycomb
Snake:2:  layout_basic, grunt_megastairs_4, minmay_shoptagon, uniq_kirke,
          uniq_roxanne
Snake:3:  layout_cave_town, grunt_megastairs_3
Snake:4:  hellmonk_snake_rune_quicksilver_temple, layout_misc_corridors,
          serial_shops, shop, nicolae_snake_gridmaze_entwining,
          minmay_snake_pond, uniq_asterion
Orc:1:    layout_caves, serial_shops, shop_fountains, kennysheep_orc_sif_temple,
          uniq_sonja
Orc:2:    st_orc_open, layout_diamond_mine, nicolae_orc_crystal_geode
Elf:1:    elf_arrival_001, layout_loops_corners, basic_altar, serial_shops,
          shop, hangedman_elven_crosses_minicolossus,
          nicolae_elf_shapeshifter_party
Elf:2:    elven_hall_of_blades_hangedman_original
          [nicolae_blade_entry_antechamber], layout_gridlike, serial_shops,
          shop, shop, shop, shop
Elf:3:    grunt_elf_hall_spiral, layout_onion_city, basic_altar
Vaults:1: nicolae_vaults_ring_of_whatevers, hangedman_vaults_cutoff,
          v_alt_pattern_1, ontoclasm_vaults_shuriken, vaults_room_grid,
          grunt_vaults_hallway_short, vaults_room_fours, vaults_room_semicircle,
          nicolae_vaults_minivaults, v_misc_23, vaults_room_corners,
          grunt_vaults_funnel, nicolae_vaults_little_ls,
          nicolae_vaults_little_squares_1, nicolae_vaults_angled_halls,
          layout_vaults_omnicross, serial_shops, nicolae_shop_behind_doors
Vaults:2: nicolae_vaults_network_s, ontoclasm_vaults_hangar,
          nicolae_vaults_fighting_squares, vaults_room_grid,
          hangedman_vaults_impose, nicolae_vaults_asterisk, vaults_room_pool,
          layout_vaults_omnigrid, serial_shops, shop, enter_trove_1,
          uniq_bai_suzhen, uniq_xtahua
Vaults:3: hangedman_vaults_stream, minmay_crypt_entry_simple_round,
          vaults_mumra_chevron, nicolae_vaults_windows_and_doors_thing,
          v_pattern_2, v_misc_8, hangedman_vaults_stagger,
          hangedman_vaults_stitches, hangedman_vaults_variations,
          layout_vaults_big_room, uniq_nikola
Vaults:4: nicolae_vaults_little_squares_4, v_misc_29, dpeg_vaults_monster_box,
          nicolae_vaults_quartermaster, grunt_vaults_swirl,
          ontoclasm_vaults_ring_small, nicolae_vaults_diagonal_hallway_8,
          vaults_room_stairs_pillars, v_misc_19, hangedman_vaults_slice,
          vaults_room_pool, layout_vaults_ring, serial_shops,
          nicolae_shop_waterfront, uniq_margery
Vaults:5: uniq_mennas
Crypt:1:  layout_regular_city, grunt_ministairs_1, palyth_stone_intersect,
          grunt_crypt_arrival_webbed
Crypt:2:  layout_misc_corridors, nzn_life_drinkers
Crypt:3:  church_of_pain_bobbens, layout_chaotic_city, tomb_entry_simple_bobbens
Depths:1: layout_cross, enter_ziggurat_f, rand_demon_pan_entry_4, abyss_entry,
          serial_co_window_serial, co_window_paths_a, co_window_paths_a,
          co_window_paths_a, co_window_corner_a, co_window_paths_b,
          co_window_unsneaky_path_c, co_window_of_opportunity_b,
          co_window_2corner, co_window_paths_d, glass_columns_b,
          glass_columns_c, glass_columns_a, chequers_serial_rivers_small_b,
          lightli_too_deep, due_unseen_surprise
Depths:2: minmay_bad_star, layout_gridlike, hellmouth_3, grunt_pan_entry_zigzag,
          serial_shops, nicolae_shop_statue_plus
Depths:3: evilmike_wizard_prison, layout_honeycomb,
          nicolae_abyss_entry_one_way_or_another, minmay_stone_trees_small,
          hell_entry, rand_demon_pan_entry_3, firewood_loft
Depths:4: minmay_the_grid_square_5x5_3x3 [minmay_the_grid_square_5x5_misaligned,
          minmay_the_grid_square_5x5_minibox,
          minmay_the_grid_square_5x5_hollow_slash,
          minmay_the_grid_square_5x5_doubleslash,
          minmay_the_grid_square_5x5_megaprize_open,
          minmay_the_grid_square_5x5_checkered_sparse,
          minmay_the_grid_square_5x5_spiral_small,
          minmay_the_grid_square_5x5_forky, minmay_the_grid_square_5x5_two],
          layout_basic, abyss_entry, pf_hell_entry_tar_spiral, serial_shops,
          bzr_entry_islet, shop, kennysheep_mini,
          nicolae_hepliaklqana_hippocampus, serial_bayou_shore_b

Skill      XL: |  1  2  3  4  5  6  7  8  9 10 11 12 13 14 15 16 17 18 19 20 21 22 23 24 25 26 27 |
---------------+----------------------------------------------------------------------------------+-----
Spellcasting   | 3 4 5 6 7 9 10 12 13 15 16 18 19 20 21 22 23 24 25 26 27 | 27.0
Fighting       | 1 2 3 4 5 6 7 8 9 10 11 12 13 14 15 19 | 19.1
Stealth        | 2 3 4 5 6 |  6.7
Dodging        | 3 4 5 6 7 8 12 | 12.5
Short Blades   | 2 |  2.4
Staves         | 1 2 4 |  4.6
Armour         | 2 |  2.8
Evocations     | 2 |  2.7
Shields        | 1 2 3 8 |  8.9
Unarmed Combat | |  0.6

Action                   |  1- 3 |  4- 6 |  7- 9 | 10-12 | 13-15 | 16-18 | 19-21 | 22-24 | 25-27 || total
-------------------------+-------+-------+-------+-------+-------+-------+-------+-------+-------++-------
Melee: Short sword       |       |     6 |    19 |     8 |       |       |       |       |       ||    33
       Staff             |       |       |       |       |       |    33 |     4 |    14 |    18 ||    69
       Unarmed           |       |       |       |       |       |       |     9 |       |       ||     9
 Cast: Foxfire           |    96 |    95 |   151 |     2 |     2 |       |       |       |       ||   346
       Sticky Flame      |       |     4 |    13 |    10 |    16 |    24 |    12 |     9 |    12 ||   100
       Fireball          |       |       |    10 |   169 |   168 |   308 |   337 |   270 |   468 ||  1730
       Summon Lightning  |       |       |     1 |    17 |    34 |    13 |     4 |     1 |    15 ||    85
       Searing Ray       |       |       |       |     2 |       |       |       |       |       ||     2
       Lee's Rapid Decon |       |       |       |       |       |    49 |    45 |    19 |   199 ||   312
       Iskenderun's Myst |       |       |       |       |       |    10 |    11 |    15 |   104 ||   140
       Ozocubu's Refrige |       |       |       |       |       |    97 |   121 |    43 |    87 ||   348
       Storm Form        |       |       |       |       |       |       |     2 |       |       ||     2
       Spellforged Servi |       |       |       |       |       |       |    10 |     2 |    15 ||    27
       Monstrous Menager |       |       |       |       |       |       |       |     3 |    14 ||    17
       Invisibility      |       |       |       |       |       |       |       |       |     1 ||     1
Invok: Call Merchant     |       |       |       |     1 |       |     2 |       |       |       ||     3
       Potion Petition   |       |       |       |       |     1 |       |       |       |     1 ||     2
  Use: Potion            |     1 |     2 |       |     3 |     1 |     4 |     2 |     1 |     4 ||    18
       Scroll            |       |     4 |     1 |     6 |     5 |    23 |     5 |     1 |     1 ||    46
 Stab: Distracted        |       |     1 |       |       |       |     1 |       |       |       ||     2
Armor: Robe              |     6 |     2 |    11 |     4 |     3 |    22 |    15 |     4 |    36 ||   103
       Skin              |       |       |       |       |       |       |     5 |       |       ||     5
Dodge: Dodged            |    30 |    10 |    36 |    27 |    28 |   108 |   102 |    30 |   119 ||   490
       Repelled          |       |       |       |       |       |       |     1 |       |     8 ||     9
Block: Other             |       |       |       |       |       |     2 |    16 |       |       ||    18
       Reflection        |       |       |       |       |       |     1 |     5 |    12 |     6 ||    24
       Kite shield       |       |       |       |       |       |       |    18 |    23 |    77 ||   118
